 Dungeon Crawl Stone Soup version 0.27-a0-385-g3208abaabc (webtiles) character file.

Game seed: 9320414536685171984

60 Chiseanne the Skirmisher (level 3, -1/31 HPs)
             Began as a Demonspawn Wanderer on Feb 19, 2021.
             Killed from afar by a white imp (9 damage)
             ... with a puff of frost
             ... summoned by Natasha
             ... on level 3 of the Dungeon.
             The game lasted 00:03:07 (2412 turns).

Chiseanne the Skirmisher (Demonspawn Wanderer)      Turns: 2412, Time: 00:03:07

Health: -1/31      AC:  6    Str: 13    XL:     3   Next: 82%
Magic:  3/3        EV: 10    Int: 14    God:
Gold:   105        SH:  0    Dex: 13    Spells: 2/2 levels left

rFire    . . .     SeeInvis .   a - +0 hand axe
rCold    . . .     Faith    .   (no shield)
rNeg     . . .     Spirit   .   d - +0 ring mail
rPois    .         Reflect  .   (no helmet)
rElec    .         Harm     .   (no cloak)
rCorr    .         Rampage  .   (no gloves)
Will     .....                  m - +0 pair of boots
Stlth    ++........             (no amulet)
HPRegen  0.10/turn              (no ring)
MPRegen  0.08/turn              (no ring)

@: no status effects
A: thin skeletal structure 1, spiny 1
a: no special abilities


You were on level 3 of the Dungeon.
You visited 1 branch of the dungeon, and saw 3 of its levels.

You collected 105 gold pieces.

Inventory:

Hand Weapons
 a - a +0 hand axe (weapon)
 w - a +2 hand crossbow
Missiles
 b - 39 bolts
 e - 24 sling bullets
 f - 107 stones (quivered)
 g - 54 poisoned darts
Armour
 d - a +0 ring mail (worn)
 m - a +0 pair of boots (worn)
Scrolls
 c - 3 scrolls of identify {unknown}
 i - 2 scrolls of enchant armour {unknown}
 k - a scroll of fog {unknown}
 p - a scroll of amnesia {unknown}
Potions
 h - a potion of heal wounds {unknown}
 j - a potion of attraction {unknown}
 l - 2 potions of cancellation {unknown}
 n - a potion of magic {unknown}
 o - 2 potions of curing {unknown}


   Skills:
 * Level 4.4 Fighting
 * Level 1.8 Crossbows
 - Level 1.0 Throwing
 * Level 3.1 Armour
 * Level 1.4 Dodging
 - Level 1.0 Stealth


You had 2 spell levels left.
You didn't know any spells.
Your spell library contained the following spells:

 Spells                   Type           Power        Failure   Level
 Beastly Appendage        Tmut           0%           52%         1
 Wereblood                Tmut           0%           65%         2
 Spider Form              Tmut/Pois      0%           87%         3
 Ice Form                 Ice/Tmut       0%           99%         4
 Blade Hands              Tmut           0%           100%        5


Dungeon Overview and Level Annotations

Branches:
Dungeon (3/15)

Altars:

Annotations:
D:3 Natasha


Innate Abilities, Weirdness & Mutations

You have a somewhat thin skeletal structure. (Dex +2, Stealth)
You are partially covered in sharp spines.


Message History

Natasha shimmers violently.
Natasha barely misses you.
You barely miss Natasha.
Natasha mumbles some strange words.
Natasha claws you!
You barely miss Natasha. You barely miss the bat.
You closely miss the white imp. The bat hits you but does no damage.
Natasha closely misses you. The white imp barely misses you.
You closely miss Natasha. You barely miss the white imp.
You barely miss the bat. The bat is struck by your spines.
The bat hits you but does no damage. Natasha claws you.
The white imp is struck by your spines. The white imp hits you.
The white imp freezes you.
You are too injured to fight recklessly!
You are too injured to fight recklessly!
You are too injured to fight recklessly!
You are too injured to fight recklessly!
You are too injured to fight recklessly!
You are too injured to fight recklessly!
You are too injured to fight recklessly!
You are too injured to fight recklessly!
You are too injured to fight recklessly!
You are too injured to fight recklessly!
You are too injured to fight recklessly!
You are too injured to fight recklessly!
You are too injured to fight recklessly!
You are too injured to fight recklessly!
You are too injured to fight recklessly!
You are too injured to fight recklessly!
You are too injured to fight recklessly!
You miss Natasha. You hit the white imp. The bat misses you. Natasha claws you.
* * * LOW HITPOINT WARNING * * *
The white imp hits you but does no damage.
Natasha closely misses you.
You closely miss Natasha. You closely miss the white imp.
The bat is struck by your spines. The bat hits you.
* * * LOW HITPOINT WARNING * * *
The white imp gestures at you. The puff of frost hits you!
You die...

#....## ##......
##...####.......
#.......'.......
##..[####.......
#..## ##......
####.## ##.....
#....# ##...#
#5####### #####
#@b......
#h#...#..
#........
###...#.. ......
##### # ###
#.#.## #.##.#...
#.......#


You could see Natasha, a white imp (summoned) and a bat.

Vanquished Creatures
  A shadow imp (D:2)
  An ooze (D:1)
  A dart slug (D:2)
  A leopard gecko (D:1)
  An orc (D:3)
  A ball python (D:1)
  3 giant cockroaches
  7 goblins
  4 hobgoblins (D:1)
  2 jackals (D:2)
  6 bats
  A frilled lizard (D:1)
  8 kobolds
  3 rats
40 creatures vanquished.

Notes
Turn   | Place    | Note
-------+----------+-------------------------------------------
     0 | D:1      | Chiseanne the Demonspawn Wanderer began the quest for the
                  | Orb.
     0 | D:1      | Chiseanne set off with the following items: a +2 hand
                  | crossbow, 26 bolts, a +0 hand axe, a +0 ring mail
     0 | D:1      | Reached XP level 1. HP: 19/19 MP: 1/1
   179 | D:1      | Gained mutation: You have a somewhat thin skeletal
                  | structure. (Dex +2, Stealth) [demonic ancestry]
   179 | D:1      | Reached XP level 2. HP: 25/25 MP: 2/2
   402 | D:1      | Reached skill level 1 in Dodging
   796 | D:1      | Gained mutation: You are partially covered in sharp spines.
                  | [demonic ancestry]
   796 | D:1      | Reached XP level 3. HP: 27/30 MP: 3/3
  2404 | D:3      | Noticed Natasha
  2412 | D:3      | Killed from afar by a white imp

Illustrated notes

Levels and vault maps discovered:
D:1:      ebering_hopf_link, layout_basic, minmay_crystal_water,
          amcnicky_mini_pool_small, dk_noncrumbling_2, grunt_decor_junction
D:2:      layout_basic, item_on_display_a
D:3:      layout_loops_corners, lemuel_coloured_pillars_altar, uniq_natasha

Skill      XL: |  1  2 |
---------------+-------+-----
Dodging        | 1 |  1.4
Armour         | 3 |  3.1
Fighting       | |  4.4
Crossbows      | |  1.8
Throwing       | |  1.0
Stealth        | |  1.0

Action                   || total
-------------------------++-------
Melee: Hand axe          ||    60
 Fire: Hand crossbow     ||    34
 Stab: Sleeping          ||     5
Armor: Ring mail         ||    25
Dodge: Dodged            ||    42

Table legend: (Time is in decaauts)
 A = Elapsed time spent in this place.
 B = Non-inter-level travel time spent in this place.
 C = Inter-level travel time spent in this place.
 D = Time resting spent in this place.
 E = Time spent auto-exploring this place.
 F = Levels seen in this place.
 G = Mean time per level.
                   A        B        C        D        E       F      G
               +--------+--------+--------+--------+--------+-----+--------+
         Total |   2443 |   2366 |     77 |    109 |   2023 |   3 |  814.3 |
       Dungeon |   2443 |   2366 |     77 |    109 |   2023 |   3 |  814.3 |
               +--------+--------+--------+--------+--------+-----+--------+

Top non-repeatable levels by time:
     D:1: 1195 daAuts
     D:2: 928 daAuts
     D:3: 319 daAuts
